 Dungeon Crawl Stone Soup version 0.18-a0-1514-g6ed9364 (webtiles) character file.

427 mrath the Cudgeler (level 6, 0/47 HPs)
             Began as a Demonspawn Abyssal Knight on Mar 7, 2016.
             Was a Believer of Lugonu.
             Killed from afar by an orc wizard (2 damage)
             ... with a puff of flame
             ... on level 8 of the Dungeon.
             The game lasted 00:25:16 (4842 turns).

mrath the Cudgeler (Demonspawn Abyssal Knight)      Turns: 4842, Time: 00:25:16

Health: 0/47       AC:  8    Str: 13    XL:     6   Next: 65%
Magic:  8/8        EV:  6    Int: 14    God:    Lugonu [**....]
Gold:   200        SH:  9    Dex: 13    Spells: 0 memorised, 5 levels left

rFire  + . .     SeeInvis .     a - +1 mace
rCold  . . .     Gourm    .     h - +0 scale mail
rNeg   . . .     Faith    .     B - +2 shield
rPois  .         Spirit   .     (no helmet)
rElec  .         Dismiss  .     (no cloak)
rCorr  .         Reflect  .     (no gloves)
SustAt .         Harm     .     y - +0 pair of boots
MR     .....                    (no amulet)
Stlth  ..........               (no ring)
                                (no ring)

@: not resistant to hostile enchantments, extremely unstealthy
A: talons 1, molten scales 1, fire resistance 1
a: Depart the Abyss, Bend Space, Renounce Religion


You were on level 8 of the Dungeon.
You worshipped Lugonu.
Lugonu was pleased with you.
You were not hungry.

You visited 1 branch of the dungeon, and saw 7 of its levels.
You visited the Abyss 1 time.

You collected 200 gold pieces.

Inventory:

Hand Weapons
 a - a +1 mace (weapon)
 t - a +0 hunting sling
 A - a +0 antimagic spear
Missiles
 e - 264 stones (quivered)
 p - 17 sling bullets
Armour
 h - a +0 scale mail (worn)
 y - a +0 pair of boots (worn)
 B - a +2 shield (worn)
Jewellery
 d - an uncursed ring of see invisible {unknown}
 r - a cursed ring of teleportation {unknown}
Scrolls
 i - 2 scrolls of blinking {unknown}
 k - 2 scrolls of immolation {unknown}
 n - 2 scrolls of enchant armour {unknown}
 o - 3 scrolls of identify {unknown}
 q - 5 scrolls of remove curse {unknown}
 u - a scroll of teleportation {unknown}
 v - a scroll of magic mapping {unknown}
 w - a scroll of fog {unknown}
 x - a scroll of recharging {unknown}
Potions
 b - a potion of lignification
 g - 2 potions of curing
 j - a potion of might {unknown}
 l - 2 potions of degeneration {unknown}
Comestibles
 c - 3 bread rations
 f - a beef jerky
 s - a meat ration


   Skills:
 + Level 3.3 Fighting
 + Level 5.8 Maces & Flails
 + Level 2.2 Armour
 + Level 1.6 Dodging
 + Level 1.0 Shields
 + Level 2.8 Invocations


You had 5 spell levels left.
You didn't know any spells.

Dungeon Overview and Level Annotations

Branches:
Dungeon (8/15)
 Temple: D:4-7         Lair: D:8-11

Altars:
Fedhas
Gozag
Makhleb
Pakellas
Trog
Xom
Yredelemnul

Annotations:
D:5 Kilingo's ghost, novice OgBe


Innate Abilities, Weirdness & Mutations

You have sharp toenails.
You are partially covered in molten scales (AC +1).
Your flesh is heat resistant.


Message History

a hand axe of flaming; an orc corpse The centaur hits you but does no damage.
You hear some strange, mumbled words.
A puff of flame appears from out of thin air!
The puff of flame hits you! You resist.
* * * LOW HITPOINT WARNING * * *
The centaur hits you but does no damage.
The centaur hits you.
* * * LOW HITPOINT WARNING * * *
The orc complains noisily.
You closely miss the centaur.
The centaur hits you but does no damage.
Something hits you but does no damage. The centaur hits you!
* * * LOW HITPOINT WARNING * * *
You hit the centaur.
The centaur is lightly wounded.
You hear some strange, mumbled words.
A puff of flame appears from out of thin air!
The puff of flame hits you! You resist.
You die...

#o....# ...)...
##..##.....# ?...>..
....##.....##.......
...#...............
#..##..............
######..##..............
.........#.....o........
.........'.....##....##.
.......@.#.....# (...#
.......co#.....# ......
.......o.#..o..+ .......
#######(##.....# ....##.
#.o5##.....#####+#
#...'...<........#
#...#............#
#...#............#
#...#............#


You could see a centaur, a crimson imp and 3 orcs.

Vanquished Creatures
  An ogre (D:4)
  A scorpion (D:4)
  A howler monkey (D:4)
  2 hounds
  Terence (D:2)
  A worker ant (D:8)
  4 adders
  2 dart slugs (D:1)
  5 giant geckos
  10 orcs
  A ball python (D:1)
  3 giant cockroaches
  3 goblins
  5 hobgoblins
  23 jackals
  A quokka (D:2)
  A ball python skeleton (D:4)
  6 bats
  7 giant newts
  A jackal skeleton (D:5)
  6 kobolds
  8 rats
  A spectral orc (D:3)
  A fungus (D:2)
95 creatures vanquished.

Notes
Turn   | Place    | Note
--------------------------------------------------------------
     0 | Abyss:1  | mrath the Demonspawn Abyssal Knight began the quest for the Orb.
     0 | Abyss:1  | Reached XP level 1. HP: 18/18 MP: 2/2
     0 | D:1      | Escaped the Abyss
    59 | D:1      | Reached skill level 2 in Maces & Flails
   206 | D:1      | Gained mutation: You are partially covered in molten scales (AC +1). [demonic ancestry]
   206 | D:1      | Reached XP level 2. HP: 20/24 MP: 3/3
   297 | D:1      | Reached * piety under Lugonu
   381 | D:1      | Reached skill level 3 in Maces & Flails
   666 | D:2      | Gained mutation: Your flesh is heat resistant. [demonic ancestry]
   666 | D:2      | Reached XP level 3. HP: 29/29 MP: 4/4
   797 | D:2      | Found a burning altar of Makhleb.
  1034 | D:2      | Found a blossoming altar of Fedhas.
  1294 | D:2      | Gained mutation: You have sharp toenails. [demonic ancestry]
  1294 | D:2      | Reached XP level 4. HP: 35/35 MP: 5/5
  1472 | D:2      | Reached skill level 4 in Maces & Flails
  1697 | D:2      | Noticed Terence
  1730 | D:2      | Killed Terence
  2253 | D:3      | Reached ** piety under Lugonu
  2320 | D:3      | Found an oddly glowing altar of Pakellas.
  2320 | D:3      | Found an opulent altar of Gozag.
  2336 | D:3      | Reached XP level 5. HP: 36/41 MP: 6/6
  2460 | D:3      | Found a basalt altar of Yredelemnul.
  2672 | D:4      | Reached skill level 5 in Maces & Flails
  3286 | D:4      | Noticed an eye of draining
  3287 | D:4      | Noticed an eye of draining
  3288 | D:4      | Found a bloodstained altar of Trog.
  3322 | D:4      | Reached skill level 1 in Dodging
  3322 | D:4      | Reached XP level 6. HP: 24/47 MP: 0/7
  4220 | D:5      | Entered Level 5 of the Dungeon
  4297 | D:5      | Noticed Kilingo's ghost (novice OgBe)
  4485 | D:5      | Found a shimmering altar of Xom.
  4488 | D:5      | Found a shimmering altar of Xom.
  4499 | D:5      | Found a shimmering altar of Xom.
  4499 | D:5      | Found a shimmering altar of Xom.
  4499 | D:5      | Found a shimmering altar of Xom.
  4504 | D:5      | Found a shimmering altar of Xom.
  4508 | D:5      | You fall through a shaft for 3 floors!
  4821 | D:8      | Reached skill level 1 in Shields
  4841 | D:8      | HP: 1/47 [centaur (8)]
  4842 | D:8      | Killed from afar by an orc wizard

Vault maps used:
D:1:      mainiacjoe_arrival_reflecting_pool
D:2:      fedhas_altar_3, makhleb_heckhound_becter, uniq_terence
D:3:      yredelemnul_forgotten_temple_becter, gammafunk_temple_overflow_pools
D:4:      kennysheep_mini, trog_eyes_of_draining, first_bread
D:5:      xom_redecorated, temple_pool_a, minivault_25, grunt_decor_fettered,
          uniq_blork_the_orc
D:7:      kennysheep_seaside_town

Skill      XL: |  1  2  3  4  5  6 |
---------------+-------------------+-----
Maces & Flails | 2 3 4 5 |  5.8
Dodging        | 1 |  1.6
Armour         | 2 |  2.2
Shields        | 1 |  1.0
Fighting       | |  3.3
Invocations    | |  2.8

Action                   |  1- 3 |  4- 6 || total
-------------------------+-------+-------++-------
Melee: Mace              |   111 |   296 ||   407
 Fire: Hunting sling     |       |     3 ||     3
Throw: Stone             |     3 |     1 ||     4
Invok: Depart the Abyss  |     1 |       ||     1
  Use: Potion            |       |     2 ||     2
  Eat: Chunk             |     1 |    10 ||    11
       Royal jelly       |       |     1 ||     1
